Map: Curious Minds LE

Players

KillJoySC

  • Race: Zerg Zerg
  • League: Master
  • Spawn Location: 11:00

Warthog - Winner!

  • Race: Terran Terran
  • League: Master
  • Spawn Location: 5:00

VOD

Have the link to the VOD?

Description

Time

  • Played on: Dec. 15, 2021, 7:11 p.m.
  • Length: 20:12
Show
View Real Time Build Order
Export as new Build Order

KillJoySC Zerg 

Build Orders: Hatch First 

Get SALT Encoding   

  12  0:00  Drone  
  13  0:13  Overlord  
  13  0:18  Drone  
  14  0:31  Drone x2  
  16  0:49  Hatchery  
  15  0:51  Drone  
  15  0:55  Drone  
  17  0:58  Drone  
  18  1:12  Spawning Pool  
  18  1:16  Extractor  
  18  1:17  Drone  
  17  1:20  Drone  
  18  1:28  Drone  
  19  1:39  Overlord  
  19  1:50  Drone  
  20  2:00  Queen  
  20  2:01  Queen  
  22  2:02  Zergling x4  
  26  2:13  Drone x2  
  28  2:27  Hatchery  
  27  2:30  Drone x2  
  27  2:35  Metabolic Boost  
  29  2:42  Drone  
  29  2:43  Drone  
  31  2:47  Overlord  
  31  2:54  Drone x2  
  33  3:06  Overlord  
  33  3:08  Drone x2  
  33  3:12  Drone x2  
  37  3:18  Queen  
  37  3:19  Queen  
  41  3:20  Drone  
  42  3:30  Drone x2  
  42  3:31  Drone  
  42  3:32  Drone  
  46  3:38  Overlord  
  46  3:40  Queen  
  48  3:42  Drone  
  48  3:45  Overlord  
  48  3:46  Drone  
  50  3:49  Zergling x2  
  51  4:00  Drone x4  
  51  4:01  Drone x2  
  51  4:02  Overlord  
  57  4:03  Drone  
  58  4:21  Drone x4  
  58  4:22  Queen x2  
  66  4:26  Spore Crawler  
  66  4:27  Spore Crawler  
  64  4:35  Zergling x8  
  64  4:36  Zergling x4  
  64  4:38  Queen  
  70  4:44  Overlord x2  
  72  4:56  Drone  
  72  4:57  Drone x9  
  80  5:17  Drone x4  
  83  5:29  Drone x5  
  83  5:32  Lair, Hatchery  
  87  5:38  Extractor  
  87  5:39  Extractor x3  
  83  5:48  Drone x2, Evolution Chamber  
  83  5:49  Drone x4  
  88  5:50  Evolution Chamber  
  88  5:51  Extractor  
  88  5:53  Baneling Nest  
  88  5:57  Hatchery  
  84  6:05  Overlord x2  
  84  6:12  Overlord  
  84  6:14  Drone x3  
  84  6:16  Drone  
  88  6:20  Drone  
  89  6:27  Zerg Ground Armor Level 1, Zerg Melee Weapons Level 1  
  89  6:28  Zergling x16  
  97  6:35  Centrifugal Hooks  
  97  6:38  Drone  
  97  6:39  Spire  
  97  6:43  Zergling x14  
  97  6:46  Queen  
  106  6:51  Hatchery  
  106  6:53  Overlord x3  
  105  6:55  Overseer x2  
  105  7:06  Zergling x20  
  117  7:24  Infestation Pit  
  117  7:26  Baneling x10  
  117  7:28  Zergling x2  
  117  7:29  Zergling x2  
  121  7:30  Zergling x16  
  121  7:36  Overlord x2  
  105  8:02  Baneling x6, Mutalisk x6  
  105  8:05  Zergling x28  
  122  8:06  Zergling x2  
  123  8:13  Queen  
  123  8:16  Hive  
  125  8:25  Zerg Melee Weapons Level 2  
  125  8:34  Drone  
  125  8:35  Drone x14  
  125  8:36  Drone  
  141  8:44  Zerg Ground Armor Level 2  
  136  8:58  Baneling  
  136  8:59  Baneling x14  
  136  9:01  Zergling x2  
  136  9:02  Zergling x18  
  141  9:11  Mutalisk  
  141  9:12  Mutalisk  
  141  9:14  Overlord x3  
  145  9:21  Corruptor, Extractor  
  146  9:26  Drone  
  134  9:50  Zergling x38  
  139  9:57  Ultralisk Cavern  
  138  10:00  Hatchery  
  138  10:06  Zergling x12  
  137  10:07  Baneling  
  137  10:08  Baneling x10  
  137  10:14  Queen x4  
  133  10:20  Extractor  
  140  10:39  Zergling x2  
  140  10:40  Zergling x28  
  155  10:49  Chitinous Plating  
  149  11:08  Zerg Ground Armor Level 3, Zerg Melee Weapons Level 3  
  149  11:10  Zergling x18  
  149  11:11  Zergling x4  
  138  11:16  Baneling x4  
  138  11:17  Baneling x4  
  138  11:18  Queen x4  
  145  11:32  Zergling x2  
  129  11:33  Zergling x40  
  144  11:43  Ultralisk  
  144  11:44  Ultralisk  
  144  11:46  Infestor x3  
  155  11:54  Pneumatized Carapace  
  155  11:56  Ultralisk  
  161  12:03  Overlord  
  161  12:04  Overlord x4  
  161  12:08  Anabolic Synthesis  
  159  12:19  Zergling x8  
  159  12:20  Zergling x16  
  146  12:34  Ultralisk x2  
  140  12:46  Zergling x6  
  140  12:47  Zergling x26  
  147  12:52  Queen  
  142  12:59  Mutalisk  
  142  13:00  Mutalisk x4  
  148  13:06  Infestor x3  
  154  13:14  Overseer  
  154  13:15  Overseer  
  150  13:30  Ultralisk x3  
  156  13:35  Baneling x5  
Show
View Real Time Build Order
Export as new Build Order

Warthog Terran - Winner!

Build Orders: Liberator Opening, Reaper Expand 

Get SALT Encoding   

  12  0:01  SCV  
  13  0:13  SCV  
  14  0:17  Supply Depot  
  14  0:25  SCV  
  15  0:39  SCV  
  15  0:42  Barracks  
  16  0:45  Refinery  
  16  0:51  SCV  
  17  1:03  SCV  
  18  1:15  SCV  
  19  1:29  Orbital Command  
  19  1:30  Reaper  
  20  1:41  Command Center  
  20  1:54  Supply Depot  
  20  1:56  SCV  
  21  2:01  Marine  
  21  2:08  SCV, Factory  
  23  2:14  Refinery  
  23  2:20  SCV  
  24  2:23  Barracks Reactor  
  24  2:32  SCV  
  25  2:44  SCV  
  26  2:53  Starport  
  26  2:59  SCV  
  26  3:00  Orbital Command  
  27  3:09  Hellion x2  
  27  3:10  Barracks Tech Lab  
  31  3:13  SCV  
  32  3:25  SCV  
  33  3:30  SCV  
  33  3:31  Liberator  
  33  3:32  Hellion x2  
  41  3:37  SCV  
  41  3:39  Supply Depot  
  42  3:42  SCV  
  42  3:45  Supply Depot  
  43  3:49  SCV  
  43  3:54  SCV  
  45  4:01  Hellion x2, SCV  
  50  4:06  SCV  
  51  4:13  SCV  
  52  4:18  SCV  
  52  4:19  Marine, Starport Reactor  
  52  4:20  Stimpack  
  52  4:22  Command Center  
  54  4:26  SCV  
  54  4:27  Supply Depot  
  54  4:30  SCV  
  56  4:38  SCV  
  57  4:42  Barracks  
  57  4:45  SCV  
  58  4:47  Barracks  
  58  4:50  SCV  
  58  4:51  Factory Reactor  
  59  4:59  SCV  
  60  5:02  Engineering Bay, SCV  
  60  5:03  Engineering Bay  
  60  5:04  Refinery x2  
  61  5:11  SCV  
  62  5:21  SCV  
  62  5:25  SCV  
  64  5:29  Terran Infantry Armor Level 1, Terran Infantry Weapons Level 1  
  64  5:33  SCV, Starport Reactor  
  63  5:36  Orbital Command  
  63  5:40  Marine x2  
  63  5:41  Marine  
  63  5:42  Widow Mine  
  67  5:46  Barracks x2  
  67  5:48  Armory  
  67  5:53  SCV x2  
  69  6:01  Marine x3  
  69  6:03  Orbital Command  
  72  6:05  SCV x2  
  74  6:18  Supply Depot  
  74  6:19  Supply Depot  
  74  6:20  SCV x2  
  74  6:21  Marine x2  
  74  6:22  Medivac x2, Widow Mine  
  74  6:23  Supply Depot  
  84  6:32  SCV  
  86  6:40  SCV x2, Marine x2  
  86  6:41  Barracks Reactor x2  
  86  6:42  Supply Depot, Combat Shield  
  86  6:43  Marauder, Marine x2  
  86  6:46  Supply Depot  
  93  6:49  SCV  
  93  6:52  SCV x2  
  96  6:58  Terran Vehicle And Ship Armor Level 1, Marine x2  
  96  7:01  Marine x2  
  99  7:02  SCV  
  99  7:04  SCV x2, Marine  
  104  7:16  Marine x2  
  104  7:19  Marine x2  
  104  7:22  Marine  
  109  7:23  SCV x2  
  109  7:26  Supply Depot, Marine  
  109  7:27  Marine x3  
  109  7:28  Supply Depot, Medivac x2, Widow Mine x2  
  123  7:33  Refinery, Marine  
  123  7:34  Marine  
  123  7:35  Factory  
  125  7:47  Marine x7  
  125  7:50  Supply Depot  
  132  7:51  Marine x2  
  132  7:58  Medivac  
  130  8:05  Marine  
  128  8:08  SCV x3  
  128  8:10  Terran Infantry Armor Level 2, Terran Infantry Weapons Level 2, Refinery  
  128  8:11  Refinery, Marine x8  
  128  8:12  Barracks  
  140  8:13  Barracks  
  140  8:14  Barracks  
  140  8:16  Command Center  
  140  8:23  Marine  
  141  8:28  Marine  
  141  8:29  Marine x4  
  141  8:30  Factory Tech Lab, Missile Turret  
  141  8:32  Missile Turret x2  
  148  8:34  Widow Mine  
  148  8:39  Supply Depot  
  148  8:40  Supply Depot  
  148  8:44  Marine  
  149  8:51  Marine x2  
  149  8:56  Widow Mine  
  149  9:01  Supply Depot, Marine x7  
  156  9:03  Thor  
  156  9:04  Supply Depot, Widow Mine  
  164  9:14  Marine  
  165  9:23  Widow Mine, Marauder, Marine x2  
  171  9:25  Widow Mine, Barracks Tech Lab x3  
  171  9:28  Planetary Fortress  
  171  9:29  Missile Turret  
  173  9:33  Marine  
  173  9:35  Marine x2  
  176  9:45  Widow Mine, Marauder  
  163  9:46  Widow Mine  
  163  9:47  Widow Mine  
  163  9:49  Marine x2  
  163  9:50  Marauder, Marine  
  163  9:51  Marauder, Marine x2  
  161  10:06  Widow Mine, Marauder, Marine x2  
  161  10:07  Marauder, Marine  
  169  10:12  Marauder, Marine  
  169  10:14  Marauder, Marine x3  
  178  10:27  Marauder, Marine x4  
  178  10:28  Marauder  
  186  10:29  Marine  
  186  10:31  Marine  
  186  10:35  Command Center, Marine  
  187  10:36  Marauder  
  190  10:49  Marauder  
  192  10:53  Widow Mine x2  
  196  11:04  Marine  
  196  11:05  Marauder  
  196  11:07  Thor  
  170  11:29  Marauder, Marine  
  170  11:30  Widow Mine, Marauder, Marine x9  
  167  11:47  Marine x2  
  165  11:48  Medivac x2, Marine x8  
  165  11:50  Marine  
  165  11:51  Marine  
  181  11:59  Terran Infantry Weapons Level 3, Terran Infantry Armor Level 3, Terran Vehicle And Ship Armor Level 2  
  181  12:04  Marine  
  181  12:05  Missile Turret, Marine  
  181  12:06  Marauder, Marine x3  
  187  12:16  Marauder, Marine  
  187  12:18  Medivac  
  187  12:19  Marauder, Marine x3  
  187  12:20  Planetary Fortress  
  192  12:39  Missile Turret x2  
  181  12:47  Marauder, Marine  
  165  12:54  Marine  
  165  12:55  Marauder  
  165  12:56  Marine  
  165  12:57  Marauder, Marine  
  165  12:58  Marauder  
  174  12:59  Marine x3  
  174  13:00  Liberator x2  
  181  13:05  Starport  
  181  13:07  Starport  
  181  13:08  Marauder  
  177  13:16  Marauder  
  177  13:18  Marauder  
  178  13:27  Marauder, Marine x4  
  178  13:29  Marine x2  
  178  13:30  Marauder, Marine x2  
  190  13:38  Marauder  
  190  13:40  Marauder  
  188  13:45  Marine x2  
  188  13:47  Marine x4  
  180  13:49  Marauder  
  180  13:51  Marauder  
  180  13:55  Liberator x2, Marine  
  180  13:57  Starport Reactor x2  
  180  13:59  Marauder  
  180  14:01  Marauder  
  180  14:10  Marauder  
  180  14:13  Marauder  
  180  14:16  Terran Ship Weapons Level 1  
Tags
 
Add a new tag
Caveats
  • Supply blocks, unpowered buildings, or Contaminate may cause inaccurate times.
  • Supply counts are checked every 10 seconds.